 Dungeon Sprint DCSS version 0.31-a0-1511-g961fd35ebc (webtiles) character file.

Game seed: 11456995719657339060

190 Groucho the Destroyer (level 5, -15/35 HPs)
             Began as a Tengu Conjurer on Dec 30, 2023.
             Was an Elder of Sif Muna.
             Demolished by a manticore (25 damage)
             ... in the Dungeon (Sprint VII: "The Pits").
             The game lasted 00:03:25 (3170 turns).

Groucho the Destroyer (Tengu Conjurer)              Turns: 3170, Time: 00:03:26

Health: -15/35     AC:  2    Str:  8    XL:     5   Next: 69%
Magic:  7/15       EV: 27    Int: 20    God:    Sif Muna [****..]
Gold:   0          SH:  0    Dex: 12    Spells: 15/18 levels left

rFire   . . .        h - +2 quarterstaff
rCold   . . .        (shield currently unavailable)
rNeg    . . .        a - +0 robe
rPois   .            (helmet restricted)
rElec   .            (no cloak)
rCorr   .            (no gloves)
SInv    .            (boots unavailable)
Will    .....        (no amulet)
Stlth   ++           (no ring)
HPRegen 0.25/turn    (no ring)
MPRegen 0.14/turn

%: no teleportation, acrobat
@: acrobatic
A: beak, talons 3, acrobatic
a: Renounce Religion, Channel Magic, Forget Spell, Divine Exegesis


You were in the Dungeon.
You worshipped Sif Muna.
Sif Muna was greatly pleased with you.
You visited 1 branch

Inventory:

Hand Weapons
 h - a +2 quarterstaff (weapon)
Armour
 a - a +0 robe (worn)
 m - a +3 ring mail
Scrolls
 j - 2 scrolls of vulnerability
 k - 5 scrolls of amnesia
 l - a scroll of summoning
Potions
 b - 5 potions of magic
 c - 6 potions of curing
 d - 5 potions of heal wounds
 e - a potion of haste
 f - 3 potions of berserk rage
 i - 2 potions of invisibility


   Skills:
 + Level 5.5 Fighting
 - Level 2.1 Dodging
 - Level 2.0 Stealth
 * Level 7.3 Spellcasting
 + Level 9.2 Conjurations


You had 15 spell levels left.
You knew the following spells:

 Your Spells              Type           Power      Damage    Failure   Level
a - Magic Dart            Conj           100%       1d8       1%          1
b - Searing Ray           Conj           88%        2d7       1%          2

Your spell library contained the following spells:

 Spells                   Type           Power      Damage    Failure   Level
 Fulminant Prism          Conj/Alch      12%        3d8       14%         4
 Iskenderun's Mystic Bla  Conj/Tloc      25%        2d7       14%         4


Dungeon Overview and Level Annotations

Branches:
Dungeon (1/1)

Altars:
Ashenzari
Cheibriados
Dithmenos
Elyvilon
Fedhas
Gozag
Hepliaklqana
Kikubaaqudgha
Makhleb
Nemelex Xobeh
Okawaru
Qazlal
Ru
Sif Muna
Trog
Uskayaw
Vehumet
Wu Jian
Xom
Yredelemnul
Zin
The Shining One
Jiyva
Lugonu


Innate Abilities, Weirdness & Mutations

You have a beak for a mouth.
You have claws for feet.
You can magically evade attacks while moving or waiting.


Message History

The manticore flicks its tail.
The volley of spikes skewers you!
The barbed spikes become lodged in your body.
* * * LOW HITPOINT WARNING * * *
Unknown command.
Unknown command.
The searing ray hits the manticore.
The manticore is moderately wounded.
Unknown command.
Unknown command.
The searing ray hits the manticore!
The manticore is heavily wounded.
You finish channelling your searing ray.
The manticore completely misses you. x3
Unknown command.
Unknown command.
You feel much better. The manticore barely misses you.
The manticore closely misses you. The manticore claws you!
Casting: Searing Ray (safe; 1% risk of failure)
Confirm with . or Enter, or press ? or * to list all spells.
Aiming: Searing Ray (safe; 1% risk of failure)
Press: ? - help, Shift-Dir - straight line, f/p - manticore
Aim: a manticore (heavily wounded, 89% to hit)
The searing ray misses the manticore. (Press . to maintain the ray.)
The manticore closely misses you. x2; The manticore claws you!
* * * LOW HITPOINT WARNING * * *
Unknown command.
The searing ray hits the manticore but does no damage.
The manticore is heavily wounded.
You carefully extract the barbed spikes from your body.
The manticore barely misses you. The manticore completely misses you.
The manticore closely misses you.
Unknown command.
Unknown command.
The searing ray hits the manticore.
The manticore is heavily wounded.
The manticore bites you!!
Ouch! That really hurt!
You die...

#.#..#.))).##.......#
#'###########.......#
#..#.#.## #########
#.......# ##.#.#.##
#.......#+#
##.#.#.##.+
#.......#H#
##.#.#..@.#
##########


You could see a manticore.

Vanquished Creatures
  A weeping skull (D)
  2 jellies (D)
  A hound (D)
  An adder (D)
  2 adder zombies (D)
  3 giant cockroaches (D)
  A goblin (D)
  4 jackals (D)
  A quokka (D)
  A ball python skeleton (D)
  A kobold (D)
  A rat (D)
19 creatures vanquished.

Notes
Turn   | Place    | Note
-------+----------+-------------------------------------------
     0 | D        | Groucho the Tengu Conjurer began the quest for the Orb.
     0 | D        | Reached XP level 1. HP: 10/10 MP: 4/4
   301 | D        | Found a glowing golden altar of the Shining One.
   301 | D        | Found a glowing silver altar of Zin.
   301 | D        | Found a basalt altar of Yredelemnul.
   301 | D        | Found a shimmering altar of Xom.
   301 | D        | Found an ornate altar of the Wu Jian Council.
   301 | D        | Found a bloodstained altar of Trog.
   301 | D        | Found a shimmering blue altar of Sif Muna.
   301 | D        | Found a sacrificial altar of Ru.
   301 | D        | Found a stormy altar of Qazlal.
   301 | D        | Found an iron altar of Okawaru.
   301 | D        | Found a sparkling altar of Nemelex Xobeh.
   301 | D        | Found a burning altar of Makhleb.
   301 | D        | Found a viscous altar of Jiyva.
   301 | D        | Found a hazy altar of Hepliaklqana.
   301 | D        | Found an opulent altar of Gozag.
   301 | D        | Found a blossoming altar of Fedhas.
   301 | D        | Found a white marble altar of Elyvilon.
   301 | D        | Found a shadowy altar of Dithmenos.
   301 | D        | Found a snail-covered altar of Cheibriados.
   302 | D        | Found a radiant altar of Vehumet.
   302 | D        | Found a corrupted altar of Lugonu.
   303 | D        | Found an ancient bone altar of Kikubaaqudgha.
   303 | D        | Found a hide-covered altar of Uskayaw.
   303 | D        | Found a broken altar of Ashenzari.
   304 | D        | Became a worshipper of Sif Muna the Loreminder
   321 | D        | Reached skill level 1 in Fighting
   329 | D        | Reached * piety under Sif Muna
   336 | D        | Reached skill level 6 in Conjurations
   338 | D        | Reached XP level 2. HP: 7/17 MP: 2/6
   654 | D        | Reached ** piety under Sif Muna
   961 | D        | Learned a level 2 spell: Searing Ray
  1338 | D        | Reached XP level 3. HP: 22/22 MP: 3/9
  1711 | D        | Reached *** piety under Sif Muna
  1784 | D        | Reached skill level 7 in Conjurations
  1941 | D        | Reached skill level 5 in Spellcasting
  1941 | D        | Reached XP level 4. HP: 20/29 MP: 3/12
  2215 | D        | Reached skill level 8 in Conjurations
  2388 | D        | Noticed a weeping skull
  2396 | D        | Killed a weeping skull
  2397 | D        | Reached skill level 5 in Fighting
  2397 | D        | Reached skill level 9 in Conjurations
  2397 | D        | Reached XP level 5. HP: 23/35 MP: 5/15
  2815 | D        | Reached **** piety under Sif Muna
  3162 | D        | Noticed a manticore
  3170 | D        | Demolished by a manticore

Illustrated notes

Levels and vault maps discovered:
D:        pitsprint [storerooms_1, entrance_room_1, metal_vault_4, armoury_3,
          mini_pit_1, grid_room_1, main_hall_1, silver_pit, the_coven_3,
          the_vestibule_1, steel_vault_5, golden_pit, hallway_of_sentries,
          crystal_vault_1, iron_vault_5, final_vault]

Skill      XL: |  1  2  3  4 |
---------------+-------------+-----
Fighting       | 2 4 5 |  5.5
Conjurations   | 6 7 9 |  9.2
Spellcasting   | 3 5 7 |  7.3
Dodging        | |  2.1
Stealth        | |  2.0

Action                     |  1- 3 |  4- 6 || total
---------------------------+-------+-------++-------
  Melee: Quarterstaff      |    13 |     1 ||    14
         Kick              |     1 |       ||     1
         Peck              |     1 |       ||     1
   Cast: Magic Dart        |    25 |    12 ||    37
         Searing Ray       |     3 |     4 ||     7
    Use: Scroll            |       |     1 ||     1
         Potion            |       |     1 ||     1
 Armour: Robe              |    15 |    10 ||    25
  Dodge: Dodged            |    22 |    12 ||    34

Table legend: (Time is in decaauts)
 A = Elapsed time spent in this place.
 B = Non-inter-level travel time spent in this place.
 C = Inter-level travel time spent in this place.
 D = Time resting spent in this place.
 E = Time spent auto-exploring this place.
 F = Levels seen in this place.
 G = Mean time per level.
                   A        B        C        D        E       F      G
               +--------+--------+--------+--------+--------+-----+--------+
         Total |   3173 |   3173 |      0 |   2871 |      0 |   1 | 3173.0 |
       Dungeon |   3173 |   3173 |      0 |   2871 |      0 |   1 | 3173.0 |
               +--------+--------+--------+--------+--------+-----+--------+

Top non-repeatable levels by time:
       D: 3173 daAuts
